 Dungeon Sprint DCSS version 0.31-a0-8-gd14b0f4ee2 (webtiles) character file.

Game seed: 6302460491452098503

27993 Conn the Scorcher (level 13, -10/68 HPs)
             Began as an Octopode Fire Elementalist on May 6, 2023.
             Was a High Priest of Sif Muna.
             Killed from afar by Lom Lobon (60 damage)
             ... with a great icy blast
             ... in the Dungeon (Sprint I: "Red Sonja").
             The game lasted 01:24:25 (7814 turns).

Conn the Scorcher (Octopode Fire Elementalist)      Turns: 7814, Time: 01:24:45

Health: -10/68     AC:  5    Str:  8 (9)  XL:     13   Next: 36%
Magic:  26/34      EV: 14    Int: 24      God:    Sif Muna [*****.]
Gold:   3513       SH:  5    Dex:  6 (7)  Spells: 3/47 levels left

rFire   + . .        l - +5 falchion of Boen {pain, rPois Int+3 Dex-5}
rCold   . . .        x - +1 buckler
rNeg    . . .        (helmet restricted)
rPois   +            r - amulet of the acrobat
rElec   .            k - ring "Puihop" {+Blink rC+}
rCorr   +            q - ring of resist corrosion
SInv    .            u - ring of wizardry
Will    .....        v - +4 ring of protection
Stlth   ++++         m - ring of fire
HPRegen 0.31/turn    (no ring)
MPRegen 0.24/turn    (no ring)
                     (no ring)

%: no teleportation, acrobat, clarity, wizardry (x1)
@: studying 2 skills
A: almost no armour, amphibious, 8 rings, camouflage 1, gelatinous body 1,
nimble swimmer 1, tentacles, tentacle spike 1, clarity, deterioration 2, frail
1, screaming 1
a: Renounce Religion, Evoke Blink, Channel Magic, Forget Spell, Divine Exegesis


You were in the Dungeon.
You worshipped Sif Muna.
Sif Muna was extremely pleased with you.
You visited 1 branch You collected 9193 gold pieces.
You spent 5680 gold pieces at shops.

Inventory:

Hand Weapons
 i - a +1 dagger of flaming
 l - the +5 falchion of Boen (weapon) {pain, rPois Int+3 Dex-5}
   (You bought it in a shop in the Dungeon)

   Int:       It affects your intelligence (+3).
   Dex:       It affects your dexterity (-5).
   rPois:     It protects you from poison.
Missiles
 j - a curare-tipped dart (quivered)
Armour
 x - a +1 buckler (worn)
 C - a +2 tower shield
Magical Staves
 o - a staff of fire
 s - the staff of air "Ucyeppe" {rElec rF- rC++ Stlth+}
   (You bought it in a shop in the Dungeon)

   [staff of air]

   Base accuracy: +5 Base damage: 5 Base attack delay: 1.2 This weapon's minimum
   attack delay (0.6) is reached at skill level 12.
   rF:        It makes you vulnerable to fire.
   rC:        It greatly protects you from cold.
   rElec:     It insulates you from electricity.
   Stlth:     It makes you more stealthy.
   It falls into the 'Staves' category.
   It is a one-tentacled weapon.
 B - a staff of conjuration
Jewellery
 k - the ring "Puihop" (left tentacle) {+Blink rC+}
   (You found it in the Dungeon)

   [ring of protection from cold]

   rC:        It protects you from cold.
   +Blink:    It lets you blink.
 m - a ring of fire (on tentacle)
 q - a ring of resist corrosion (right tentacle)
 r - an amulet of the acrobat (around mantle)
 t - the ring "Duthrinwyl" {Fly rElec MP-9 Str+6 SInv}
   (You found it in the Dungeon)

   [ring of see invisible]

   Str:       It affects your strength (+6).
   rElec:     It insulates you from electricity.
   MP:        It affects your magic capacity (-9).
   SInv:      It lets you see invisible.
   Fly:       It grants you flight.
 u - a ring of wizardry (on tentacle)
 v - a +4 ring of protection (on tentacle)
Wands
 e - a wand of digging (4)
 g - a wand of acid (8)
 h - a wand of roots (6)
 z - a wand of paralysis (1)
Scrolls
 a - a scroll of enchant armour
 p - a scroll of enchant weapon
 A - a scroll of fear
 D - a scroll of poison
Potions
 b - 8 potions of curing
 c - a potion of heal wounds
 f - a potion of mutation
 n - a potion of cancellation
 w - a potion of haste
Miscellaneous
 d - a phantom mirror
 y - a box of beasts


   Skills:
 + Level 2.5 Fighting
 + Level 1.6 Long Blades
 + Level 2.3 Throwing
 * Level 10.2 Dodging
 - Level 5.2 Stealth
 * Level 6.3 Shields
 + Level 17.6 Spellcasting
 * Level 14.2 Conjurations
 + Level 5.2 Hexes
 + Level 0.8 Translocations
 + Level 19.5 Fire Magic
 + Level 5.9 Air Magic
 + Level 3.5 Earth Magic
 + Level 1.7 Poison Magic
 * Level 10.4 Invocations
 + Level 3.9 Evocations


You had 3 spell levels left.
You knew the following spells:

 Your Spells              Type           Power      Damage    Failure   Level
a - Foxfire               Conj/Fire      100%       2x1d9     0%          1
b - Scorch                Fire           100%       2d9       0%          2
c - Blink                 Tloc           50%        N/A       1%          2
d - Flame Wave            Conj/Fire      100%       2d21      1%          4
e - Ignition              Fire           53%        3d15      3%          8
f - Fireball              Conj/Fire      50%        3d20      1%          5
g - Stone Arrow           Conj/Erth      100%       3d13      1%          3
h - Hailstorm             Conj/Ice       53%        3d12      1%          3
i - Plasma Beam           Fire/Air       44%        2x1d64    1%          6
j - Mephitic Cloud        Conj/Pois/Air  54%        N/A       1%          3
k - Swiftness             Air            49%        N/A       1%          3
l - Fulminant Prism       Conj/Hex       30%        3d16      1%          4

Your spell library contained the following spells:

 Spells                   Type           Power      Damage    Failure   Level
 Magic Dart               Conj           100%       1d8       0%          1
 Freeze                   Ice            84%        1d9       1%          1
 Kiss of Death            Conj/Necr      100%       2d13      1%          1
 Shock                    Conj/Air       100%       1d9       1%          1
 Static Discharge         Conj/Air       100%       2-7/arc   1%          2
 Dazzling Flash           Conj/Hex       100%       N/A       1%          3
 Ignite Poison            Fire/Tmut/Pois 70%        N/A       1%          3
 Inner Flame              Hex/Fire       88%        N/A       1%          3
 Tukima's Dance           Hex            46%        N/A       1%          3
 Volatile Blastmotes      Fire/Tloc      100%       2d18      1%          3
 Call Imp                 Summ           42%        N/A       2%          2
 Airstrike                Air            24%        2d(4-20)  1%          4
 Sticky Flame             Conj/Fire      100%       2d11      1%          4
 Arcjolt                  Conj/Air       31%        1d41      1%          5
 Iskenderun's Battlesphe  Conj           74%        2d12      1%          5
 Starburst                Conj/Fire      50%        6d14      1%          6
 Freezing Cloud           Conj/Ice/Air   26%        6-21      2%          5
 Irradiate                Conj/Tmut      26%        3d20      2%          5
 Conjure Ball Lightning   Conj/Air       31%        3x3d10    3%          6
 Orb of Destruction       Conj           37%        9d11      3%          7
 Anguish                  Hex/Necr       16%        N/A       4%          4
 Iron Shot                Conj/Erth      29%        9d6       6%          6
 Manifold Assault         Tloc           25%        N/A       10%         4
 Yara's Violent Unravell  Hex/Tmut       16%        3d8       13%         5
 Summon Ice Beast         Ice/Summ       21%        N/A       14%         4
 Summon Forest            Summ/Tloc      11%        N/A       32%         5
 Fire Storm               Conj/Fire      50%        8d13      77%         9
 Simulacrum               Ice/Necr       10%        N/A       88%         6
 Lehudib's Crystal Spear  Conj/Erth      29%        10d8      91%         8
 Storm Form               Tmut/Air       17%        N/A       96%         7
 Ozocubu's Refrigeration  Ice            10%        4d9       100%        7
 Disjunction              Tloc           12%        N/A       100%        8
 Polar Vortex             Ice            10%        N/A       100%        9


Dungeon Overview and Level Annotations

Branches:
Dungeon (1/1)

Altars:
Cheibriados
Dithmenos
Elyvilon
Fedhas
Gozag
Hepliaklqana
Kikubaaqudgha
Makhleb
Nemelex Xobeh
Okawaru
Qazlal
Ru
Sif Muna
Trog
Uskayaw
Vehumet
Wu Jian
Xom
Yredelemnul
Zin
The Shining One
Jiyva
Lugonu

Shops:
D [*((*?*!?=[!*!??:!![[:

Annotations:
D Lom Lobon, Tiamat


Innate Abilities, Weirdness & Mutations

You cannot wear most types of armour.
You are amphibious.
You can wear up to eight rings at the same time.
Your skin changes colour to match your surroundings (Stealth+).
Your rubbery body absorbs attacks. (AC +1, EV +1)
You are camouflaged when in or above water. (Stealth+)
You have tentacles for arms and can constrict up to eight enemies at once.
One of your tentacles bears a spike.
You possess an exceptional clarity of mind.
Your body often deteriorates upon taking damage.
You are frail. (-10% HP)
You occasionally shout uncontrollably at your foes.


Message History

You have a feeling of ineptitude.
l - the +5 falchion of Boen (weapon)
{pain, rPois Int+3 Dex-5} You see here a +1 scimitar of freezing.
You see here a piece from Xom's chessboard (15/15).
You see here a +2 helmet of intelligence.
Really wriggle into a travel-excluded area?
There is an open door here.
You are engulfed in dark miasma.
You feel yourself slow down.
You see here a wand of paralysis (1).
z - a wand of paralysis (1)
You are engulfed in dark miasma.
You feel as though you will be slow longer.
Your body deteriorates!
You feel weakened.
There is an open door here.
You see here a piece from Xom's chessboard (15/15).
You see here a +1 scimitar of freezing.
There is an open door here.
You close the door.
Okay, then.
Unknown command.
Casting: Plasma Beam (dangerous; 1% risk of failure)
Confirm with . or Enter, or press ? or * to list all spells.
Okay, then.
Unknown command.
Unknown command.
Unknown command.
Unknown command.
You start resting.
You feel yourself speed up.
You start resting.
HP restored.
You enter the shallow water.
You hit Lom Lobon but do no damage.
Your tentacle spike misses Lom Lobon.
Your squeeze misses Lom Lobon. Lom Lobon hits you!!
Your body deteriorates!
You feel clumsy.
You feel your power leaking away. Lom Lobon gestures at you.
Lom Lobon conjures a mighty blast of ice!
The great icy blast engulfs you!!!
Ouch! That really hurt!
You die...

####'#^##'##..........#..#
#...)#.#~~~##........##..#
..####.#~~~~##).[.[!##...#
###,,..#~~~~~########°°..#
#,^,,####~~~~#~~~~°#.○...#
&,,^,#..#'~~~')[.~~'..○..#
^.,,^#...##~~#~~~~~#~~~..#
.°°,,#....######&#####○~~#
°.°°^#....#~~≈≈§@≈≈≈≈##~~#
..°°°#######~~~~≈≈≈≈≈≈≈≈~#
°°^°°'})#})+...~~~~~~~#≈≈#
,,,,^#[.'[.#........~~~#≈#
*****#####################


You could see Lom Lobon.

Vanquished Creatures
  the Lernaean hydra (D)
  A golden dragon (D)
  A deep elf master archer (D)
  A shadow dragon (D)
  4 fire giants (D)
  A daeva (D)
  A deep elf annihilator (D)
  A lorocyproca (D)
  A mummy priest (D)
  A hydra (D)
  2 centaur warriors (D)
  Sonja (D)
  A deep troll (D)
  A lindwurm (D)
  2 oklob plants (D)
  8 shining eyes (D)
  2 merfolk sirens (D)
  4 demonic crawlers (D)
  2 gargoyles (D)
  7 unseen horrors (D)
  2 kobold demonologists (D)
  A hellwing (D)
  A meliai (D)
  4 hornets (D)
  A slime creature (D)
  Sigmund (D)
  13 hogs (D)
  A yak (D)
  2 redbacks (D)
  7 floating eyes (D)
  An ogre (D)
  7 necrophages (D)
  8 jellies (D)
  Ijyb (D)
  3 ball lightnings (D)
  2 ballistomycete spores (D)
  2 foxfires (D)
  A fulminant prism (D)
101 creatures vanquished.

Vanquished Creatures (others)
  A hornet (D)
  214 foxfires (D)
  13 fulminant prisms (D)
228 creatures vanquished.

Grand Total: 329 creatures vanquished

Notes
Turn   | Place    | Note
-------+----------+-------------------------------------------
     0 | D        | Conn the Octopode Fire Elementalist began the quest for the
                  | Orb.
     0 | D        | Reached XP level 1. HP: 11/11 MP: 3/3
     4 | D        | Noticed Ijyb
    16 | D        | Killed Ijyb
    17 | D        | Reached skill level 4 in Fire Magic
    17 | D        | Reached XP level 2. HP: 11/17 MP: 0/5
    17 | D        | Reached XP level 3. HP: 13/21 MP: 0/7
    71 | D        | Learned a level 2 spell: Scorch
    75 | D        | Learned a level 3 spell: Inner Flame
    77 | D        | Noticed an ogre
    82 | D        | Killed an ogre
    83 | D        | Reached skill level 6 in Fire Magic
    83 | D        | Reached XP level 4. HP: 27/27 MP: 0/10
   171 | D        | Noticed Sigmund
   175 | D        | Killed Sigmund
   176 | D        | Reached skill level 5 in Stealth
   176 | D        | Reached skill level 5 in Spellcasting
   176 | D        | Reached skill level 5 in Conjurations
   176 | D        | Reached skill level 8 in Fire Magic
   176 | D        | Reached XP level 5. HP: 27/31 MP: 1/13
   176 | D        | Reached XP level 6. HP: 32/36 MP: 1/14
   269 | D        | Learned a level 4 spell: Flame Wave
   280 | D        | Found an ornate altar of the Wu Jian Council.
   280 | D        | Found a shimmering blue altar of Sif Muna.
   282 | D        | Found a radiant altar of Vehumet.
   291 | D        | Became a worshipper of Sif Muna the Loreminder
   317 | D        | Found Yxufoa's Weapon Emporium.
   317 | D        | Found an ancient bone altar of Kikubaaqudgha.
   317 | D        | Found a hazy altar of Hepliaklqana.
   317 | D        | Found a stormy altar of Qazlal.
   317 | D        | Found a hide-covered altar of Uskayaw.
   317 | D        | Found a blossoming altar of Fedhas.
   317 | D        | Found a bloodstained altar of Trog.
   317 | D        | Found an iron altar of Okawaru.
   317 | D        | Found a basalt altar of Yredelemnul.
   317 | D        | Found a glowing golden altar of the Shining One.
   317 | D        | Found a snail-covered altar of Cheibriados.
   317 | D        | Found a sacrificial altar of Ru.
   317 | D        | Found a glowing silver altar of Zin.
   317 | D        | Found a shadowy altar of Dithmenos.
   317 | D        | Found a white marble altar of Elyvilon.
   317 | D        | Noticed a yak
   321 | D        | Killed a yak
   322 | D        | Reached skill level 9 in Fire Magic
   322 | D        | Reached XP level 7. HP: 13/41 MP: 5/16
   322 | D        | Found an opulent altar of Gozag.
   323 | D        | Found a sparkling altar of Nemelex Xobeh.
   434 | D        | Noticed Sonja
   436 | D        | Killed Sonja
   437 | D        | Reached skill level 5 in Dodging
   437 | D        | Reached skill level 11 in Fire Magic
   437 | D        | Reached XP level 8. HP: 46/46 MP: 11/20
   526 | D        | Found Eshohogg's Antique Armour Boutique.
   546 | D        | Noticed a deep troll
   554 | D        | Killed a deep troll
   554 | D        | Reached * piety under Sif Muna
   555 | D        | Reached skill level 12 in Fire Magic
   568 | D        | Found Qoenu's Armour Emporium.
   610 | D        | Found a burning altar of Makhleb.
   610 | D        | Found a viscous altar of Jiyva.
   610 | D        | Found a shimmering altar of Xom.
   610 | D        | Found a corrupted altar of Lugonu.
   610 | D        | Noticed a slime creature
   614 | D        | Killed a slime creature
   615 | D        | Reached XP level 9. HP: 44/51 MP: 13/22
   673 | D        | Noticed a kobold demonologist
   673 | D        | Noticed a kobold demonologist
   674 | D        | Noticed a hellwing
   679 | D        | Killed a kobold demonologist
   679 | D        | Reached ** piety under Sif Muna
   680 | D        | Reached skill level 10 in Spellcasting
   680 | D        | Reached skill level 13 in Fire Magic
   686 | D        | Killed a kobold demonologist
   839 | D        | Noticed a shining eye
   839 | D        | Noticed a shining eye
   839 | D        | Noticed a shining eye
   846 | D        | Reached skill level 1 in Throwing
   873 | D        | Noticed a shining eye
   876 | D        | Reached *** piety under Sif Muna
   876 | D        | Noticed a shining eye
   877 | D        | Gained mutation: Your body sometimes deteriorates upon
                  | taking damage. [a shining eye]
   877 | D        | Gained mutation: You are weak. (Str -2) [a shining eye]
   878 | D        | Killed a shining eye
   878 | D        | Noticed a shining eye
   878 | D        | Killed a shining eye
   879 | D        | Reached skill level 10 in Conjurations
   879 | D        | Reached skill level 1 in Hexes
   879 | D        | Reached skill level 14 in Fire Magic
   879 | D        | Killed a shining eye
   880 | D        | Reached XP level 10. HP: 57/57 MP: 11/26
   880 | D        | Killed a shining eye
   880 | D        | Reached **** piety under Sif Muna
   881 | D        | Reached skill level 1 in Fighting
   881 | D        | Reached skill level 15 in Fire Magic
   884 | D        | Noticed a shining eye
  1117 | D        | Gained mutation: You occasionally shout uncontrollably at
                  | your foes. [a shining eye]
  1125 | D        | Gained mutation: Your body often deteriorates upon taking
                  | damage. [a shining eye]
  1127 | D        | Killed a shining eye
  1127 | D        | Gained mutation: You occasionally lose the ability to drink
                  | potions when taking damage. [a shining eye]
  1257 | D        | Noticed a shining eye
  1362 | D        | Killed a shining eye
  1362 | D        | Reached ***** piety under Sif Muna
  1484 | D        | Lost mutation: You are weak. (Str -2) [a shining eye]
  1487 | D        | Killed a shining eye
  1487 | D        | Received a gift from Sif Muna
  1488 | D        | Got Sif Muna's Spellbook of Sweltering Execration {god
                  | gift}
  1507 | D        | Gained mutation: You occasionally lose the ability to read
                  | scrolls when taking damage. [a shining eye]
  1511 | D        | Gained mutation: You are frail. (-10% HP) [a shining eye]
  1513 | D        | Killed a shining eye
  1520 | D        | Found Puig's Assorted Antiques.
  1520 | D        | Found Fisoa's Assorted Antiques.
  1520 | D        | Found Naixie Kixe's Magic Scroll Boutique.
  1520 | D        | Found Vonkosk's Antique Weapon Emporium.
  1536 | D        | Bought a glowing dark potion for 15 gold pieces
  1536 | D        | Bought an inky potion for 15 gold pieces
  1648 | D        | Bought a fine falchion for 216 gold pieces
  1648 | D        | Identified the +5 falchion of Boen {pain, rPois Int+3
                  | Dex-5} (You bought it in a shop in the Dungeon)
  1655 | D        | Bought a scroll of acquirement for 572 gold pieces
  1656 | D        | Acquired 753 gold pieces
  1659 | D        | Bought a scroll of acquirement for 572 gold pieces
  1660 | D        | Acquired 1134 gold pieces
  1664 | D        | Bought a fizzy black potion for 18 gold pieces
  1664 | D        | Bought a golden potion for 18 gold pieces
  1664 | D        | Bought a triangular lapis lazuli amulet for 105 gold pieces
  1729 | D        | Learned a level 8 spell: Ignition
  1739 | D        | Noticed a centaur warrior
  1740 | D        | Noticed a centaur warrior
  1751 | D        | Killed a centaur warrior
  1751 | D        | Killed a centaur warrior
  1752 | D        | Reached skill level 16 in Fire Magic
  1752 | D        | Reached XP level 11. HP: 24/56 MP: 20/28
  2020 | D        | Noticed an oklob plant
  2024 | D        | Killed an oklob plant
  2142 | D        | Received a gift from Sif Muna
  2246 | D        | Received a gift from Sif Muna
  2247 | D        | Reached skill level 5 in Hexes
  2429 | D        | Got Sif Muna's Omnibus of the Impact and Wanderlust {god
                  | gift}
  2436 | D        | Learned a level 5 spell: Fireball
  2444 | D        | Found Ytalac's Distillery.
  2445 | D        | Found Wisaum's Distillery.
  2445 | D        | Found Cicail's Assorted Antiques.
  2445 | D        | Found Fiyl Jui's Distillery.
  2455 | D        | Reached ****** piety under Sif Muna
  2455 | D        | Received a gift from Sif Muna
  2456 | D        | Found Oklah's Magic Scroll Boutique.
  2458 | D        | Got Baevir's Collected Works on Hot Bruises {god gift}
  2464 | D        | Found Sahekuy's Antique Armour Emporium.
  2471 | D        | Identified the ring "Puihop" {+Blink rC+}
  2489 | D        | Learned a level 3 spell: Stone Arrow
  2493 | D        | Learned a level 3 spell: Hailstorm
  2500 | D        | Learned a level 6 spell: Plasma Beam
  2503 | D        | Found Son Leurr's Jewellery Emporium.
  2503 | D        | Found Zuveca's Armour Shop.
  2503 | D        | Found Daitakh's Distillery.
  2503 | D        | Found Rekliup's General Store.
  2503 | D        | Found Plog's Distillery.
  2503 | D        | Found Wyelim's Magic Scroll Shop.
  2503 | D        | Found Ocungo's Magic Scroll Shoppe.
  2507 | D        | Found Ywkoarph's Book Boutique.
  2511 | D        | Bought 2 scrolls of acquirement for 1040 gold pieces
  2519 | D        | Bought a potion of mutation for 80 gold pieces
  2519 | D        | Lost mutation: You occasionally lose the ability to drink
                  | potions when taking damage. [potion of mutation]
  2519 | D        | Lost mutation: You occasionally lose the ability to read
                  | scrolls when taking damage. [potion of mutation]
  2519 | D        | Gained mutation: You possess an exceptional clarity of
                  | mind. [potion of mutation]
  2519 | D        | Gained mutation: One of your tentacles bears a spike.
                  | [potion of mutation]
  2524 | D        | Bought a potion of lignification for 30 gold pieces
  2524 | D        | Bought a potion of lignification for 30 gold pieces
  2540 | D        | Acquired 625 gold pieces
  2542 | D        | Acquired 781 gold pieces
  2549 | D        | Bought a translucent staff for 276 gold pieces
  2549 | D        | Identified the staff of air "Ucyeppe" {rElec rF- rC++
                  | Stlth+} (You bought it in a shop in the Dungeon)
  2559 | D        | Bought a book of Minor Magic for 180 gold pieces
  2563 | D        | Learned a level 3 spell: Mephitic Cloud
  2564 | D        | Bought a potion of lignification for 30 gold pieces
  2583 | D        | Bought a ring of wizardry for 300 gold pieces
  2583 | D        | Bought a +4 ring of protection for 360 gold pieces
  2591 | D        | Bought a potion of heal wounds for 55 gold pieces
  2660 | D        | Reached skill level 1 in Air Magic
  2660 | D        | Reached skill level 1 in Earth Magic
  2661 | D        | Reached skill level 17 in Fire Magic
  2661 | D        | Reached skill level 5 in Invocations
  2799 | D        | Noticed a lindwurm
  2803 | D        | Killed a lindwurm
  2804 | D        | Reached skill level 1 in Long Blades
  2804 | D        | Reached skill level 15 in Spellcasting
  2958 | D        | Received a gift from Sif Muna
  2958 | D        | Received a gift from Sif Muna
  2959 | D        | Got Nytarchi's Encyclopedia of the Metamorphic Winter {god
                  | gift}
  2965 | D        | Learned a level 3 spell: Swiftness
  3056 | D        | Noticed a 12-headed hydra
  3077 | D        | Killed a 12-headed hydra
  3078 | D        | Reached XP level 12. HP: 39/63 MP: 13/31
  3173 | D        | Noticed a deep elf annihilator
  3177 | D        | Reached skill level 1 in Evocations
  3181 | D        | Received a gift from Sif Muna
  3184 | D        | Reached skill level 18 in Fire Magic
  3297 | D        | Got Sif Muna's Vademecum on Relocation and Incineration
                  | {god gift}
  3303 | D        | Learned a level 2 spell: Blink
  3310 | D        | Killed a deep elf annihilator
  3350 | D        | Noticed a mummy priest
  3356 | D        | Noticed a soul eater
  3441 | D        | Killed a mummy priest
  3442 | D        | Reached skill level 1 in Poison Magic
  3655 | D        | Noticed a shadow dragon
  3655 | D        | Noticed a golden dragon
  3859 | D        | Bought a staff of fire for 250 gold pieces
  3865 | D        | Bought 2 potions of haste for 200 gold pieces
  3951 | D        | Bought a buckler for 94 gold pieces
  3959 | D        | Bought a scroll of identify for 22 gold pieces
  3959 | D        | Bought a scroll of identify for 22 gold pieces
  3959 | D        | Bought a scroll of identify for 22 gold pieces
  3968 | D        | Bought a scroll labelled BEEJONGAIG for 17 gold pieces
  3979 | D        | Bought a scroll labelled VEQYIV OTIZXU for 21 gold pieces
  4094 | D        | Noticed a daeva
  4108 | D        | Reached skill level 1 in Shields
  4447 | D        | Received a gift from Sif Muna
  4451 | D        | Got Duveud's Opusculum on Embers and the Sky {god gift}
  5174 | D        | Killed a daeva
  5351 | D        | Noticed a fire giant
  5371 | D        | Killed a fire giant
  5476 | D        | Noticed a fire giant
  5477 | D        | Noticed a fire giant
  5494 | D        | Killed a fire giant
  5494 | D        | Killed a fire giant
  5495 | D        | Reached skill level 5 in Air Magic
  5507 | D        | Noticed a fire giant
  5510 | D        | Killed a fire giant
  5510 | D        | Received a gift from Sif Muna
  5511 | D        | Reached skill level 19 in Fire Magic
  5511 | D        | Got Yhey's Precepts of Injury {god gift}
  5516 | D        | Found the +4 dragonskin cloak
  5516 | D        | Noticed Tiamat
  5604 | D        | Learned a level 4 spell: Airstrike
  6109 | D        | Learned a level 4 spell: Fulminant Prism
  6577 | D        | Killed a lorocyproca
  6578 | D        | Reached XP level 13. HP: 68/68 MP: 3/34
  6874 | D        | Noticed Lom Lobon
  6874 | D        | Noticed the 27-headed Lernaean hydra
  6875 | D        | Killed the 27-headed Lernaean hydra
  6876 | D        | Reached skill level 5 in Shields
  7062 | D        | Noticed a deep elf master archer
  7077 | D        | Killed a deep elf master archer
  7135 | D        | Killed a golden dragon
  7136 | D        | Reached skill level 10 in Invocations
  7367 | D        | Found Iqeoshren's Book Shoppe.
  7372 | D        | Bought a manual of Shields for 1120 gold pieces
  7451 | D        | Killed a shadow dragon
  7452 | D        | Reached skill level 10 in Dodging
  7712 | D        | Identified the ring "Duthrinwyl" {Fly rElec MP-9 Str+6
                  | SInv}
  7714 | D        | Identified the +9 sling of Grace {heavy, rF+ Dex+2 Stlth+}
  7814 | D        | Killed from afar by Lom Lobon

Illustrated notes

Levels and vault maps discovered:
D:        dungeon_sprint_1 [red_sonja_temple_1, red_sonja_temple_small_1]

Skill      XL: |  1  2  3  4  5  6  7  8  9 10 11 12 13 |
---------------+----------------------------------------+-----
Stealth        | 3 4 5 |  5.2
Conjurations   | 2 4 5 6 7 8 10 12 13 14 | 14.2
Fire Magic     | 4 6 8 9 11 12 14 16 17 19 | 19.5
Dodging        | 3 4 5 6 8 10 | 10.2
Spellcasting   | 4 5 6 8 9 12 13 15 17 | 17.6
Throwing       | 1 2 |  2.3
Hexes          | 2 4 5 |  5.2
Fighting       | 1 2 |  2.5
Invocations    | 3 6 9 10 | 10.4
Air Magic      | 3 5 |  5.9
Earth Magic    | 3 |  3.5
Long Blades    | 1 |  1.6
Evocations     | 3 |  3.9
Poison Magic   | 1 |  1.7
Shields        | 4 6 |  6.3
Translocations | |  0.8

Action                     |  1- 3 |  4- 6 |  7- 9 | 10-12 | 13-15 || total
---------------------------+-------+-------+-------+-------+-------++-------
  Melee: Unarmed           |    10 |       |       |       |       ||    10
         Tentacles         |     4 |       |       |     2 |       ||     6
         Constrict         |     1 |       |       |     3 |       ||     4
         Dagger            |       |       |       |     1 |       ||     1
         Falchion          |       |       |       |     9 |     1 ||    10
         Kick              |       |       |       |     2 |       ||     2
  Throw: Dart              |       |       |     2 |     4 |       ||     6
   Cast: Foxfire           |     4 |     3 |    16 |   104 |    11 ||   138
         Scorch            |     3 |    10 |     7 |   139 |     3 ||   162
         Flame Wave        |       |       |     3 |    16 |       ||    19
         Inner Flame       |       |       |     4 |    25 |       ||    29
         Plasma Beam       |       |       |       |    20 |    13 ||    33
         Mephitic Cloud    |       |       |       |     6 |     1 ||     7
         Ignition          |       |       |       |    21 |       ||    21
         Fireball          |       |       |       |     9 |     3 ||    12
         Swiftness         |       |       |       |     1 |       ||     1
         Hailstorm         |       |       |       |    24 |       ||    24
         Fulminant Prism   |       |       |       |    10 |     4 ||    14
         Stone Arrow       |       |       |       |     2 |       ||     2
         Blink             |       |       |       |     1 |       ||     1
         Airstrike         |       |       |       |     1 |       ||     1
         Fire Storm        |       |       |       |       |     1 ||     1
 Invoke: Channel Magic     |       |       |       |     3 |       ||     3
         Forget Spell      |       |       |       |     1 |       ||     1
         Divine Exegesis   |       |       |       |       |     1 ||     1
  Evoke: Wand              |       |       |       |     2 |       ||     2
    Use: Potion            |     1 |       |       |    16 |     4 ||    21
         Scroll            |       |       |       |    17 |     1 ||    18
   Stab: Sleeping          |       |       |       |     1 |       ||     1
 Armour: Skin              |       |     1 |       |     5 |       ||     6
  Dodge: Dodged            |     5 |     1 |    10 |    22 |       ||    38

Table legend: (Time is in decaauts)
 A = Elapsed time spent in this place.
 B = Non-inter-level travel time spent in this place.
 C = Inter-level travel time spent in this place.
 D = Time resting spent in this place.
 E = Time spent auto-exploring this place.
 F = Levels seen in this place.
 G = Mean time per level.
                   A        B        C        D        E       F      G
               +--------+--------+--------+--------+--------+-----+--------+
         Total |   7786 |   7735 |     51 |   4782 |      0 |   1 | 7786.0 |
       Dungeon |   7786 |   7735 |     51 |   4782 |      0 |   1 | 7786.0 |
               +--------+--------+--------+--------+--------+-----+--------+

Top non-repeatable levels by time:
       D: 7786 daAuts
